 Dungeon Crawl Stone Soup version 0.25-a0-1133-g93ebf739aa (webtiles) character file.

Game seed: 13600371509542462383, levelgen mode: classic

11244 Amnesiac the Archer (level 11, -2/64 HPs)
             Began as a Deep Elf Gladiator on May 21, 2020.
             Was a High Priest of Okawaru.
             Slain by Snorg (10 damage)
             ... on level 10 of the Dungeon.
             The game lasted 00:29:11 (12130 turns).

Amnesiac the Archer (Deep Elf Gladiator)           Turns: 12130, Time: 00:29:12

Health: -2/64      AC: 15    Str: 14    XL:     11   Next: 46%
Magic:  0/19       EV: 14    Int: 14    God:    Okawaru [*****.]
Gold:   567        SH:  0    Dex: 16    Spells: 10/10 levels left

rFire    . . .     SeeInvis .   a - +1 dire flail (drain)
rCold    . . .     Gourm    .   (shield currently unavailable)
rNeg     . . .     Faith    .   i - +0 ring mail
rPois    .         Spirit   +   c - +2 helmet
rElec    .         Reflect  .   d - +2 cloak {MR+}
rCorr    .         Harm     .   C - +1 pair of gloves
MR       ++...                  I - +1 pair of boots
Stlth    +.........             O - amulet of guardian spirit
HPRegen  0.20/turn              p - ring of flight
MPRegen  0.16/turn              (no ring)

@: lethally poisoned (-2 -> -4), about to teleport
A: no striking features
a: Heroism, Finesse, Renounce Religion, Evoke Flight


You were on level 10 of the Dungeon.
You worshipped Okawaru.
Okawaru was extremely pleased with you.
You were not hungry.

You visited 3 branches of the dungeon, and saw 13 of its levels.

You collected 567 gold pieces.

Inventory:

Hand Weapons
 a - a +1 dire flail of draining (weapon)
 r - a +1 glaive of venom
 A - the +3 quarterstaff "Cyrusine" {freeze, +Rage +Fly Str-2 Int+6}
   (You found it on level 9 of the Dungeon)

   It has been specially enchanted to freeze those struck by it, causing extra
   injury to most foes and up to half again as much damage against particularly
   susceptible opponents.
   It can also slow down cold-blooded creatures.
   It affects your strength (-2).
   It affects your intelligence (+6).
   It lets you fly.
   It lets you go berserk.
 J - a +0 shortbow
 M - a +2 dire flail of holy wrath
Missiles
 k - 38 poisoned darts (quivered)
 v - 7 boomerangs
 B - 220 arrows
 E - 2 silver boomerangs
Armour
 c - a +2 helmet (worn)
 d - a +2 cloak of magic resistance (worn)
 i - a +0 ring mail (worn)
 C - a +1 pair of gloves (worn)
 G - a +2 robe of cold resistance
 I - a +1 pair of boots (worn)
Magical Staves
 F - an uncursed staff of wizardry {!a}
 Q - an uncursed staff of fire
Jewellery
 p - a ring of flight (left hand)
 D - an uncursed amulet of reflection
 O - an amulet of guardian spirit (around neck)
Wands
 b - a wand of disintegration (8)
 H - a wand of flame (15)
 N - a wand of digging (8)
Scrolls
 j - 3 scrolls of teleportation {!r}
 l - 4 scrolls of identify {!r}
 n - 3 scrolls of remove curse {!r}
 t - 2 scrolls of fear {!r}
 w - a scroll of acquirement {!r}
 y - a scroll of enchant weapon {!r}
 L - a scroll of enchant armour {!r}
Potions
 e - 5 potions of curing {!q}
 g - 2 potions of mutation {!q}
 h - 3 potions of lignification {!q}
 m - 3 potions of stabbing {!q}
 o - 2 potions of magic {!q}
 q - 3 potions of invisibility {!q}
 u - 3 potions of brilliance {!q}
 x - a potion of flight {!q}
 z - a potion of haste {!q}
 K - a potion of resistance {!q, unknown}
Comestibles
 f - 17 rations


   Skills:
 - Level 6.3 Fighting
 - Level 9.0 Staves
 * Level 12.0 Bows
 - Level 2.0 Throwing
 - Level 6.3 Dodging
 - Level 8.0 Invocations
 - Level 4.0 Evocations


You had 10 spell levels left.
You didn't know any spells.
Your spell library was empty.

Dungeon Overview and Level Annotations

Branches:
Dungeon (11/15)            Temple (1/1) D:5            Lair (1/6) D:8
    Orc: D:9-12

Altars:
Ashenzari
Cheibriados
Dithmenos
Elyvilon
Fedhas
Gozag
Hepliaklqana
Kikubaaqudgha
Makhleb
Nemelex Xobeh
Okawaru
Qazlal
Ru
Sif Muna
Trog
Uskayaw
Vehumet
Wu Jian
Xom
Yredelemnul
Zin
The Shining One

Shops:
D:5 *

Portals:
Trove: D:10 (give 6 scrolls of blinking)

Annotations:
D:10 Snorg


Message History

You sock the orc warrior!
You kill the orc warrior!
Okawaru accepts your kill.
You can now speed up your combat.
Okawaru will now gift you equipment as you gain piety.
Things that are here:
a +2 dire flail of holy wrath; a +0 chain mail; an orc corpse You butcher the orc corpse.
s - 7 chunks of flesh (gained 4)
Things that are here:
a +2 dire flail of holy wrath; a +0 chain mail; an orc skeleton
M - a +2 dire flail of holy wrath You start resting.
Some of the chunks of flesh in your inventory have rotted away.
Magic restored.
There is a stone staircase leading down here.
You start resting.
HP restored.
You climb downwards.
Level annotation: Snorg An iguana comes into view.
The iguana hisses angrily.
Snorg shouts!
The kobold shouts! x2
You hear a loud, deep croak!
The kobold throws a poisoned dart.
The poisoned dart barely misses you.
A centaur warrior skeleton comes into view.
There is a stone staircase leading up here.
The kobold throws a poisoned dart.
The poisoned dart hits you!
You are poisoned.
Snorg barely misses you. Snorg claws you. Snorg claws you but does no damage.
You climb upwards.
You feel sick.
There is a stone staircase leading down here.
Quiver which item? (- for none, * to show all) (? for menu, Esc to quit)
Okay, then.
Okay, then.
You puncture Snorg! You drain Snorg.
Snorg is moderately wounded.
You feel sick. Snorg closely misses you. Snorg barely misses you.
Snorg completely misses you.
You closely miss Snorg.
Snorg is lightly wounded.
You feel sick.
Snorg goes berserk!
You hit Snorg.
Snorg is lightly wounded.
Snorg bites you! Snorg closely misses you. Snorg claws you.
Snorg bites you but does no damage. Snorg completely misses you.
Snorg claws you!
All of the chunks of flesh in your inventory have rotted away.
Your ring mail prevents you from hitting Snorg.
Snorg is lightly wounded.
You feel sick. Snorg barely misses you. Snorg misses you.
Snorg closely misses you.
You barely miss Snorg.
Snorg is lightly wounded.
Snorg bites you! Snorg claws you!
* * * LOW HITPOINT WARNING * * *
Snorg claws you.
* * * LOW HITPOINT WARNING * * *
Snorg closely misses you. Snorg claws you.
* * * LOW HITPOINT WARNING * * *
Snorg claws you!
* * * LOW HITPOINT WARNING * * *
Really read
j - 4 scrolls of teleportation {!r}?
As you read the scroll of teleportation {!r}, it crumbles to dust.
You feel strangely unstable.
You feel sick. Snorg bites you!
You die...

#...#...#........#####..
#..######............#..
#..##...#............#..
#.......#............#..
#.......######'##....+..
#....[.........)#....#..
#...>...........#....###
#..[............#.......
#......@........#.......
#.......T.......#.......
#..##...##......#.......
#..#######)[....#.......
#...............#.......
#...............#.......
#.......##..##..#.......
#.......###'##..#.......
#..##...##..#...#.......


You could see Snorg (berserk, drained).

Vanquished Creatures
  Harold (D:7)
  2 two-headed ogres
  An unseen horror (D:10)
  Pikel (D:4)
  A cyclops (D:10)
  A deep elf mage (D:10)
  A centaur zombie (D:10)
  A spiny frog (Lair:1)
  The ghost of surr the Chiller, an amateur OgIE of Ru (D:5)
  A troll (D:9)
  Prince Ribbit (D:5)
  A hippogriff (D:9)
  Sigmund (D:3)
  5 yaks (D:10)
  A steam dragon (D:10)
  Edmund (D:5)
  4 vampire mosquitoes (D:10)
  An eye of draining (D:10)
  3 phantoms
  4 slaves (D:4)
  6 orc warriors
  A hornet zombie (D:7)
  2 ice beasts (D:6)
  A sky beast (D:5)
  4 ogres
  A necrophage (D:10)
  3 centaurs
  A big kobold (D:7)
  2 bullfrogs
  A gnoll sergeant (D:9)
  4 scorpions
  A wyvern skeleton (D:9)
  A water moccasin skeleton (D:8)
  11 wights
  8 howler monkeys
  2 crimson imps (D:7)
  A bullfrog zombie (D:6)
  7 hounds
  4 jellies
  2 centaur skeletons (D:10)
  A bullfrog skeleton (D:5)
  4 orc priests
  Crazy Yiuf (D:2)
  2 iguanas
  6 worker ants
  3 hound skeletons
  A mummy (D:5)
  A worker ant zombie (D:6)
  3 gnolls (D:9)
  A howler monkey zombie (D:7)
  13 adders
  A shadow imp (D:10)
  An ooze (D:2)
  2 adder skeletons
  3 adder zombies
  2 worms
  3 dart slugs
  4 leopard geckos
  16 orcs
  2 ball pythons
  3 giant cockroaches
  2 goblins
  10 hobgoblins
  18 jackals
  15 kobolds
  2 quokkas (D:2)
  8 bats
  7 frilled lizards
  A leopard gecko skeleton (D:8)
  3 rats
  A spectral orc (D:5)
236 creatures vanquished.

Vanquished Creatures (others)
  An adder (D:8)
1 creature vanquished.

Grand Total: 237 creatures vanquished

Notes
Turn   | Place    | Note
-------+----------+-------------------------------------------
     0 | D:1      | Amnesiac the Deep Elf Gladiator began the quest for the
                  | Orb.
     0 | D:1      | Reached XP level 1. HP: 12/12 MP: 3/3
   255 | D:1      | Reached XP level 2. HP: 15/17 MP: 4/4
   816 | D:2      | Found a radiant altar of Vehumet.
   848 | D:2      | Reached XP level 3. HP: 22/22 MP: 5/5
  1039 | D:2      | Found a glowing silver altar of Zin.
  1094 | D:2      | Reached XP level 4. HP: 27/28 MP: 6/6
  1252 | D:2      | Found a runed translucent door.
  1253 | D:2      | Noticed Crazy Yiuf
  1273 | D:2      | Killed Crazy Yiuf
  1637 | D:3      | Reached XP level 5. HP: 29/33 MP: 7/7
  1918 | D:3      | Noticed Sigmund
  1929 | D:3      | Killed Sigmund
  1929 | D:3      | Reached XP level 6. HP: 32/40 MP: 8/8
  2282 | D:4      | Identified a paperback manual
  2388 | D:4      | Noticed a slave
  2388 | D:4      | Noticed a slave
  2388 | D:4      | Noticed a slave
  2422 | D:4      | Killed a slave
  2428 | D:4      | Killed a slave
  2437 | D:4      | Killed a slave
  2537 | D:4      | Found a glowing golden altar of the Shining One.
  2608 | D:4      | Reached skill level 5 in Fighting
  2608 | D:4      | Reached skill level 5 in Dodging
  2608 | D:4      | Reached skill level 1 in Evocations
  2757 | D:4      | Reached XP level 7. HP: 36/44 MP: 10/10
  2943 | D:4      | Noticed Pikel
  2978 | D:4      | Killed Pikel
  3012 | D:5      | Entered Level 5 of the Dungeon
  3066 | D:5      | Reached XP level 8. HP: 43/49 MP: 13/13
  3098 | D:5      | Found a staircase to the Ecumenical Temple.
  3103 | Temple   | Entered the Ecumenical Temple
  3539 | D:5      | Noticed Prince Ribbit
  3597 | D:5      | Found a transporter.
  3597 | D:5      | Noticed surr's ghost (amateur OgIE)
  3635 | D:5      | Reached skill level 1 in Bows
  3764 | D:5      | Killed Prince Ribbit
  3764 | D:5      | Reached skill level 2 in Bows
  3798 | D:5      | Noticed Edmund
  3813 | D:5      | Killed Edmund
  3823 | D:5      | Reached skill level 3 in Bows
  3979 | D:5      | Found Kailapae's General Store.
  3981 | D:5      | Found a transporter.
  4110 | D:5      | Found a basalt altar of Yredelemnul.
  4161 | D:5      | Found an ornate altar of the Wu Jian Council.
  4621 | D:5      | Killed surr's ghost
  4621 | D:5      | Reached skill level 4 in Bows
  4621 | D:5      | Reached XP level 9. HP: 19/54 MP: 14/14
  5411 | D:7      | Reached skill level 5 in Bows
  5763 | D:7      | Found a shimmering altar of Xom.
  6078 | D:7      | Found an iron altar of Okawaru.
  6081 | D:7      | Became a worshipper of Warmaster Okawaru
  6161 | D:7      | Noticed Harold
  6608 | D:7      | Reached skill level 1 in Invocations
  6866 | D:7      | HP: 1/55 [poisoned by Harold]
  6896 | D:7      | Killed Harold
  6896 | D:7      | Reached * piety under Okawaru
  6896 | D:7      | Reached skill level 6 in Bows
  6896 | D:7      | Reached XP level 10. HP: 44/60 MP: 6/15
  7171 | D:8      | Reached skill level 7 in Bows
  7780 | D:8      | Reached ** piety under Okawaru
  8046 | D:8      | Found a staircase to the Lair.
  8073 | D:8      | Found an opulent altar of Gozag.
  8338 | D:8      | Reached skill level 8 in Bows
  8785 | D:9      | Reached skill level 5 in Invocations
  8867 | D:9      | Got a steaming quarterstaff
  9120 | D:9      | Found an ancient bone altar of Kikubaaqudgha.
  9127 | D:9      | Identified the +3 quarterstaff "Cyrusine" {freeze, +Rage
                  | +Fly Str-2 Int+6} (You found it on level 9 of the Dungeon)
  9232 | D:9      | Reached *** piety under Okawaru
  9616 | D:10     | Entered Level 10 of the Dungeon
  9616 | D:10     | Found a portal to a secret trove of treasure.
  9620 | D:10     | Identified a scroll of acquirement {!r}
  9653 | D:10     | Reached skill level 9 in Bows
  9966 | D:10     | Reached **** piety under Okawaru
  9966 | D:10     | Received a gift from Okawaru
  9966 | D:10     | Reached skill level 10 in Bows
 10240 | D:10     | Killed an unseen horror
 10348 | D:10     | Noticed a deep elf mage
 10363 | D:10     | Killed a deep elf mage
 10363 | D:10     | Reached XP level 11. HP: 63/64 MP: 18/18
 10482 | D:10     | Noticed a two-headed ogre
 10490 | D:10     | Killed a two-headed ogre
 10764 | D:10     | Received a gift from Okawaru
 10764 | D:10     | Reached skill level 11 in Bows
 11225 | Lair:1   | Entered Level 1 of the Lair of Beasts
 11299 | D:11     | Found Huadeipn's Book Boutique.
 11336 | D:11     | Noticed a two-headed ogre
 11347 | D:11     | Killed a two-headed ogre
 11347 | D:11     | Received a gift from Okawaru
 11546 | D:11     | Noticed Snorg
 11568 | D:10     | Received a gift from Okawaru
 11710 | D:10     | Reached skill level 12 in Bows
 11911 | D:10     | Reached ***** piety under Okawaru
 12130 | D:10     | Slain by Snorg

Illustrated notes

Levels and vault maps discovered:
D:1:      heliophobic_arrival_glass_houses, layout_basic, corner_web_ring,
          minmay_tetromino_o2
D:2:      layout_basic, vehumet_crystals, nicolae_overflow_crystal_walls,
          uniq_crazy_yiuf_cottage
D:3:      layout_basic, first_ration, grunt_ministairs_3, st_stairs_8,
          skrybe_limestone_x, uniq_sigmund
D:4:      layout_rooms, nicolae_tso_carved_into_rock,
          chequers_hall_statues_corner_a, serial_bayou_pond_d,
          kennysheep_generic_room_3, uniq_pikel
D:5:      layout_gridville, yredelemnul_forgotten_temple_becter,
          lemuel_doored_altar, minmay_temple_entry_nine_rooms, serial_shops,
          shop_statue, gammafunk_ghost_mausoleum, uniq_prince_ribbit1,
          uniq_edmund
D:6:      layout_rooms, minivault_4
D:7:      layout_loops_ring, kennysheep_mini, kennysheep_mini_moat, uniq_harold
D:8:      layout_layer_cave, dpeg_oklobed_lair, basic_altar
D:9:      layout_gridville, kiku_gazebo_garden_becter
D:10:     layout_gridville, nicolae_trove_entry_crossroad, hangedman_stone_soup
D:11:     layout_roguey [special_room_orc], serial_shops, shop,
          serial_park_tiny_pond, st_stairs_12, uniq_snorg
Temple:   minmay_temple_curvy_branch
Lair:1:   layout_chaotic_city, serial_bayou_shore_b

Skill      XL: |  1  2  3  4  5  6  7  8  9 10 11 |
---------------+----------------------------------+-----
Fighting       | 2 3 4 5 6 |  6.3
Dodging        | 4 5 6 |  6.3
Staves         | 4 6 8 9 |  9.0
Evocations     | 2 4 |  4.0
Bows           | 4 6 10 12 | 12.0
Invocations    | 3 6 8 |  8.0
Throwing       | |  2.0

Action                   |  1- 3 |  4- 6 |  7- 9 | 10-12 || total
-------------------------+-------+-------+-------+-------++-------
Melee: Quarterstaff      |    13 |    11 |   133 |   124 ||   281
       Dagger            |    87 |   157 |   332 |       ||   576
       Dire flail        |       |       |       |   359 ||   359
Throw: Dart              |    11 |    29 |    33 |     4 ||    77
       Throwing net      |       |     4 |       |       ||     4
       Boomerang         |       |    14 |     3 |       ||    17
 Abil: Evoke Berserk Rag |       |       |       |     1 ||     1
Evoke: Wand              |       |       |       |     4 ||     4
  Use: Scroll            |       |     4 |    12 |     5 ||    21
       Potion            |       |       |     4 |     1 ||     5
 Stab: Sleeping          |     1 |       |       |       ||     1
       Held in net/web   |       |     3 |       |       ||     3
       Confused          |       |       |     1 |       ||     1
       Paralysed         |       |       |     7 |       ||     7
       Petrifying        |       |       |       |     1 ||     1
  Eat: Chunk             |     1 |     5 |     7 |    18 ||    31
       Ration            |       |       |     2 |       ||     2
Armor: Ring mail         |    32 |    54 |   131 |   183 ||   400
       Leather armour    |     1 |       |       |       ||     1
Dodge: Dodged            |    70 |    79 |   257 |   402 ||   808
Block: Other             |       |       |    14 |       ||    14

Table legend:
 A = Non-vault XP
 B = Vault XP
 C = Vault XP percentage of total XP
 D = Non-vault monster count
 E = Vault monster count
 F = Vault count percentage of total count
                 A         B        C        D         E       F
            +---------+---------+-------+---------+---------+-------
      Total |   12106 |    3957 |  24.6 |     206 |      27 |  11.6
            +---------+---------+-------+---------+---------+-------
        D:1 |      27 |       4 |  12.9 |      17 |       2 |  10.5
        D:2 |      99 |      39 |  28.3 |      19 |       1 |   5.0
        D:3 |      27 |     235 |  89.7 |      15 |       3 |  16.7
        D:4 |     310 |     664 |  68.2 |      14 |       2 |  12.5
        D:5 |     606 |     845 |  58.2 |      19 |       8 |  29.6
        D:6 |     904 |       0 |   0.0 |      16 |       0 |   0.0
        D:7 |    1232 |     960 |  43.8 |      25 |       1 |   3.8
        D:8 |    1059 |       0 |   0.0 |      25 |       0 |   0.0
        D:9 |    1120 |       0 |   0.0 |      21 |       0 |   0.0
       D:10 |    5233 |    1056 |  16.8 |      30 |       8 |  21.1
       D:11 |    1036 |     154 |  12.9 |       4 |       2 |  33.3
     Lair:1 |     453 |       0 |   0.0 |       1 |       0 |   0.0
            +---------+---------+-------+---------+---------+-------
